 Dungeon Crawl Stone Soup version 0.28-a0-1199-gef9e1dbd39 (webtiles) character file.

Game seed: 4690270566925143883

62815 fragbeetle the Impaler (level 15, 0/120 HPs)
             Began as a Merfolk Gladiator on Dec 20, 2021.
             Was the Champion of Qazlal.
             Slain by an ogre (12 damage)
             ... while paralysed by an ogre mage
             ... on level 2 of the Orcish Mines.
             The game lasted 02:04:52 (21383 turns).

fragbeetle the Impaler (Merfolk Gladiator)         Turns: 21383, Time: 02:04:53

Health: 0/120      AC: 23    Str: 19    XL:     15   Next: 7%
Magic:  20/26      EV:  2    Int: 13    God:    Qazlal [******]
Gold:   1647       SH:  0    Dex: 31    Spells: 20/29 levels left

rFire   . . .      SeeInvis +   w - +9 glaive of Rubbish {flame, Will+ Int+4 Dex+3}
rCold   . . .      Faith    .   (shield currently unavailable)
rNeg    . . .      Spirit   .   H - +4 ring mail of Ovouff {Dex+2}
rPois   +          Reflect  .   e - +2 helmet {SInv}
rElec   .          Harm     .   N - +1 cloak {rPois}
rCorr   .          Rampage  .   O - +0 pair of gloves
Will    ++...                   R - +2 pair of boots of the Shining Light {Dex+3}
Stlth   +.........              L - amulet of regeneration
HPRegen 1.10/turn               p - +4 ring of evasion
MPRegen 0.20/turn               c - +6 ring of dexterity

@: paralysed, protected from physical damage, studying Fighting, repel missiles
A: (nimble swimmer 2), mertail
a: Renounce Religion, Upheaval, Elemental Force, Disaster Area


You were on level 2 of the Orcish Mines.
You worshipped Qazlal.
Qazlal was exalted by your worship.
You visited 4 branches of the dungeon, and saw 20 of its levels.
You also visited: Bailey and Gauntlet.

You collected 1900 gold pieces.
You spent 253 gold pieces at shops.

Inventory:

Hand Weapons
 r - the +6 long sword "Orb Guardian's Curse" {vamp, +Blink rElec Int+2 Dex+3}
   (You found it on level 12 of the Dungeon)

   It occasionally heals its wielder for a portion of the damage dealt when it
   wounds a living foe.
   Int:       It affects your intelligence (+2).
   Dex:       It affects your dexterity (+3).
   rElec:     It insulates you from electricity.
   +Blink:    It lets you blink.
 w - the +9 glaive of Rubbish (weapon) {flame, Will+ Int+4 Dex+3}
   (You took it off a minotaur in a Gauntlet)

   It burns those it strikes, dealing additional fire damage.
   Big, fiery blades are also staple armaments of hydra-hunters.
   Int:       It affects your intelligence (+4).
   Dex:       It affects your dexterity (+3).
   Will:      It increases your willpower.
Missiles
 d - 2 throwing nets
 o - 96 poisoned darts
 q - 3 curare-tipped darts
 D - 3 boomerangs of dispersal
 E - 15 boomerangs (quivered)
Armour
 e - a +2 helmet of see invisible (worn)
 H - the +4 ring mail of Ovouff (worn) {Dex+2}
   (You found it on level 8 of the Dungeon)

   Dex:       It affects your dexterity (+2).
 N - a +1 cloak of poison resistance (worn)
 O - a +0 pair of gloves (worn)
 R - the +2 pair of boots of the Shining Light (worn) {Dex+3}
   (You found it in a Gauntlet)

   Dex:       It affects your dexterity (+3).
 U - the +1 chain mail of Noughts and Crosses {Rampage rElec rCorr}
   (You found it on level 12 of the Dungeon)

   rElec:     It insulates you from electricity.
   rCorr:     It protects you from acid and corrosion.
   Rampage:   It bestows one free step when moving towards enemies.
Jewellery
 c - a +6 ring of dexterity (right hand)
 i - a ring of positive energy
 p - a +4 ring of evasion (left hand)
 A - a ring of positive energy
 L - an amulet of regeneration (around neck)
Wands
 u - a wand of iceblast (12)
 B - a wand of paralysis (10)
 Q - a wand of digging (3)
 X - a wand of acid (8)
Scrolls
 a - a scroll of silence {unknown}
 g - a scroll of torment {unknown}
 h - 2 scrolls of blinking
 j - 3 scrolls of amnesia
 l - 4 scrolls of immolation
 s - a scroll of brand weapon {unknown}
 t - 3 scrolls of enchant weapon
 y - 2 scrolls of summoning
 F - 2 scrolls of fog
 G - 3 scrolls of magic mapping
 J - a scroll of teleportation
 K - 2 scrolls of acquirement {unknown}
 Y - a scroll of fear {unknown}
Potions
 f - 4 potions of curing
 k - a potion of brilliance {unknown}
 m - a potion of cancellation {unknown}
 n - 3 potions of ambrosia {unknown}
 v - 4 potions of flight
 x - 2 potions of resistance {unknown}
 C - a potion of might
 M - 3 potions of lignification
 P - a potion of invisibility {unknown}
 V - a potion of haste
 Z - a potion of mutation {unknown}
Miscellaneous
 S - a condenser vane
 W - a phial of floods


   Skills:
 + Level 12.1 Fighting
 * Level 16.2 Polearms
 - Level 5.6 Throwing
 - Level 7.0 Armour
 + Level 11.6 Dodging
 + Level 7.7 Spellcasting
 + Level 10.0 Ice Magic
 - Level 10.0 Poison Magic
 + Level 7.7 Invocations


You had 20 spell levels left.
You knew the following spells:

 Your Spells              Type           Power      Damage    Failure   Level
a - Poisonous Vapours     Pois/Air       36%        N/A       4%          2
b - Frozen Ramparts       Ice            62%        1d8       1%          3
c - Olgreb's Toxic Radia  Pois           31%        N/A       3%          4

Your spell library contained the following spells:

 Spells                   Type           Power      Damage    Failure   Level
 Ensorcelled Hibernation  Hex/Ice        36%        N/A       4%          2
 Ice Form                 Ice/Tmut       18%        N/A       28%         4
 Summon Ice Beast         Ice/Summ       18%        N/A       28%         4
 Corpse Rot               Necr/Air       10%        N/A       34%         2
 Stone Arrow              Conj/Erth      10%        3d7       56%         3
 Tukima's Dance           Hex            5%         N/A       56%         3
 Animate Armour           Summ/Erth      10%        N/A       92%         4
 Passage of Golubria      Tloc           5%         N/A       92%         4
 Ozocubu's Refrigeration  Ice            15%        4d8       97%         7
 Yara's Violent Unravell  Hex/Tmut       2%         3d3       99%         5
 Ignition                 Fire           2%         3d3       100%        8
 Lehudib's Crystal Spear  Conj/Erth      2%         10d2      100%        8


Dungeon Overview and Level Annotations

Branches:
Dungeon (12/15)            Temple (1/1) D:6            Lair (5/6) D:9
 Shoals (0/4) Lair:3        Snake (0/4) Lair:3          Orc (2/2) D:12
    Elf (0/3) Orc:2        Bailey (visited)         Gauntlet (visited)
  Slime: Lair:5-6

Altars:
Ashenzari
Cheibriados
Dithmenos
Elyvilon
Fedhas
Gozag
Hepliaklqana
Kikubaaqudgha
Makhleb
Nemelex Xobeh
Okawaru
Qazlal
Ru
Sif Muna
Trog
Uskayaw
Vehumet
Wu Jian
Xom
Yredelemnul
Zin
The Shining One
Beogh

Shops:
D:5 *   Orc:2 *

Annotations:
D:12 3 runed translucent doors


Innate Abilities, Weirdness & Mutations

((You are quick and stealthy near water. (Stealth+, EV+, Speed+++)))
Your lower body shifts to a powerful aquatic tail in water.


Message History

The two-headed ogre completely misses you.
The two-headed ogre is engulfed in blazing flames.
The two-headed ogre is struck by lightning.
The two-headed ogre completely misses you.
You block the two-headed ogre's attack.
You hear a shout!
The two-headed ogre completely misses you.
You block the two-headed ogre's attack.
You hear a shout!
The two-headed ogre misses you. You block the two-headed ogre's attack.
The ogre mage casts a spell at you.
You suddenly lose the ability to move!
The two-headed ogre hits you with a +0 giant club!!
You feel protected from physical attacks.
The two-headed ogre hits you with a +0 giant club!
The two-headed ogre hits you with a +0 giant club.
The two-headed ogre hits you but does no damage.
The ogre mage gestures at the ogre while chanting.
The ogre seems to speed up.
The two-headed ogre barely misses you.
The two-headed ogre hits you with a +0 giant club!
The ogre mage gestures at something while chanting.
An ettin comes into view. It is wielding two +0 dire flails.
An ogre comes into view. It is wielding a +0 giant spiked club.
The two-headed ogre hits you with a +0 giant club!!
You feel more protected from physical attacks.
The two-headed ogre hits you but does no damage.
The two-headed ogre barely misses you.
The two-headed ogre hits you with a +0 giant spiked club!
You hear a shout!
The ogre mage looks more healthy.
The two-headed ogre is struck by lightning.
The two-headed ogre completely misses you. x2
The two-headed ogre hits you with a +0 giant club!!
* * * LOW HITPOINT WARNING * * *
The two-headed ogre hits you with a +0 giant spiked club!
* * * LOW HITPOINT WARNING * * *
An orc comes into view. It is wielding a +0 flail.
The ogre hits you with a +0 giant club!
You die...

#.#.....##)......................
##.....)..)...........o.....)....
###.....)#.#.....................
.........###....#..OC............
......#...##.............).))....
......#.)..##......O.............
.......#....##...°§..............
...#...#...####OO................
.#..#.#.....####@O☼..............
.#.........##.#.☼.§#.............
.#.............#....#)...........
###.#..._............#...........
.#####...........................
## #......####.#............... #
######## ####.#.#.#.#...#..
###############


You could see an ettin, 2 two-headed ogres, an ogre mage, 2 ogres and an orc.

Vanquished Creatures
  An orc warlord (Orc:1)
  A minotaur (Gauntlet)
  A great orb of eyes (Gauntlet)
  A boulder beetle (D:11)
  10 hydras
  A catoblepas (Lair:3)
  6 death yaks (Lair:5)
  7 two-headed ogres
  An orc high priest (D:12)
  A soul eater (Gauntlet)
  Nergalle (Lair:3)
  A sixfirhy (Gauntlet)
  3 orc knights
  An orc sorcerer (Orc:1)
  A manticore (D:12)
  An ugly thing (Gauntlet)
  14 elephants
  A merfolk siren (Lair:3)
  2 black mambas
  10 cane toads
  A rime drake (Lair:5)
  A torpor snail (Lair:3)
  10 komodo dragons
  3 kobold demonologists (D:12)
  2 unseen horrors (D:12)
  4 trolls
  3 meliai (D:9)
  Prince Ribbit (D:5)
  18 blink frogs
  Sigmund (D:5)
  3 wraiths
  7 basilisks
  47 yaks
  A steam dragon (D:8)
  2 vampire mosquitoes (D:12)
  6 wargs
  4 nagas (Lair:3)
  An acid dragon (D:12)
  14 water moccasins
  43 orc warriors
  2 sky beasts
  A swamp drake (D:12)
  5 black bears
  10 ogres
  A necrophage (D:7)
  16 wolves
  7 centaurs
  Blork the orc (D:5)
  9 kobold brigands
  11 bullfrogs
  A scorpion (D:4)
  A wyvern skeleton (D:6)
  A water moccasin skeleton (D:4)
  16 killer bees
  6 wights
  An electric eel (D:6)
  2 howler monkeys (D:10)
  4 centaur zombies
  A hound (D:7)
  16 orc priests
  3 jellies
  A centaur skeleton (D:3)
  Ijyb (D:5)
  An iguana (D:4)
  4 hell rats
  16 orc wizards
  A hound zombie (D:5)
  15 adders
  4 gnolls (D:6)
  A howler monkey skeleton (D:6)
  4 shadow imps (Gauntlet)
  A white imp (D:5)
  4 ufetubi
  2 worms
  A dart slug (D:5)
  84 orcs
  2 bats
  10 endoplasms
  3 giant cockroaches
  9 goblins
  5 hobgoblins
  7 jackals
  2 quokkas
  5 ball pythons
  A frilled lizard (D:2)
  11 kobolds
  A quokka skeleton (D:4)
  8 rats
556 creatures vanquished.

Vanquished Creatures (others)
  An orc (D:8)
  2 bushes (Lair:5)
  30 fungi
  28 plants
  A withered plant (Gauntlet)
62 creatures vanquished.

Grand Total: 618 creatures vanquished

Notes
Turn   | Place    | Note
-------+----------+-------------------------------------------
     0 | D:1      | fragbeetle the Merfolk Gladiator began the quest for the
                  | Orb.
     0 | D:1      | Reached XP level 1. HP: 16/16 MP: 1/1
   240 | D:1      | Reached XP level 2. HP: 14/23 MP: 2/2
   785 | D:1      | Reached skill level 5 in Polearms
   829 | D:1      | Reached XP level 3. HP: 24/28 MP: 3/3
  1247 | D:2      | Reached XP level 4. HP: 18/34 MP: 4/4
  2037 | D:3      | Found a faded altar of an unknown god.
  2139 | D:3      | Reached skill level 6 in Polearms
  2224 | D:3      | Reached XP level 5. HP: 37/41 MP: 5/5
  2275 | D:3      | Found a hazy altar of Hepliaklqana.
  2275 | D:3      | Found a basalt altar of Yredelemnul.
  2418 | D:3      | Noticed a black bear
  2444 | D:3      | Killed a black bear
  2445 | D:3      | Reached skill level 5 in Dodging
  2600 | D:3      | Reached XP level 6. HP: 47/47 MP: 6/6
  2611 | D:3      | Reached skill level 7 in Polearms
  2665 | D:3      | Learned a level 2 spell: Poisonous Vapours
  3089 | D:4      | Reached skill level 1 in Poison Magic
  3258 | D:4      | Reached XP level 7. HP: 54/54 MP: 7/7
  3325 | D:4      | Reached skill level 8 in Polearms
  3325 | D:4      | Reached skill level 1 in Armour
  3495 | D:5      | Entered Level 5 of the Dungeon
  3508 | D:5      | Noticed Sigmund
  3851 | D:5      | Noticed Prince Ribbit
  3883 | D:5      | Killed Prince Ribbit
  3884 | D:5      | Reached skill level 9 in Polearms
  3884 | D:5      | Reached XP level 8. HP: 5/61 MP: 8/8
  4233 | D:5      | Noticed Blork the orc
  4233 | D:5      | Noticed Ijyb
  4244 | D:5      | Killed Blork the orc
  4345 | D:5      | Reached skill level 5 in Fighting
  4374 | D:5      | Killed Ijyb
  4499 | D:5      | Found Haothry's Serpentskin Sales.
  4673 | D:5      | Killed Sigmund
  4674 | D:5      | Reached skill level 10 in Polearms
  5084 | D:6      | Noticed a wraith
  5098 | D:6      | Reached XP level 9. HP: 46/68 MP: 9/9
  5278 | D:6      | Reached skill level 5 in Throwing
  5641 | D:6      | Found a shimmering blue altar of Sif Muna.
  5673 | D:6      | Reached skill level 11 in Polearms
  6502 | D:6      | Found a staircase to the Ecumenical Temple.
  6511 | Temple   | Entered the Ecumenical Temple
  6708 | Temple   | Became a worshipper of Qazlal Stormbringer
  6872 | D:7      | Found a burning altar of Makhleb.
  7141 | D:7      | Reached skill level 5 in Poison Magic
  7146 | D:7      | Reached skill level 1 in Invocations
  7159 | D:7      | Reached skill level 12 in Polearms
  8210 | D:8      | Identified the +4 ring mail of Ovouff {Dex+2}
  8279 | D:8      | Noticed a two-headed ogre
  8361 | D:8      | Killed a two-headed ogre
  8362 | D:8      | Reached XP level 10. HP: 77/77 MP: 11/11
  8668 | D:8      | Reached skill level 13 in Polearms
  9299 | D:9      | Reached * piety under Qazlal
  9311 | D:9      | Found an ancient bone altar of Kikubaaqudgha.
  9457 | D:9      | Found a staircase to the Lair.
  9466 | Lair:1   | Entered Level 1 of the Lair of Beasts
  9649 | D:10     | Entered Level 10 of the Dungeon
 10404 | D:10     | Noticed a two-headed ogre
 10560 | D:9      | Killed a two-headed ogre
 10619 | D:10     | Reached skill level 14 in Polearms
 10946 | D:10     | Reached skill level 1 in Spellcasting
 10946 | D:10     | Reached XP level 11. HP: 75/85 MP: 12/14
 11279 | D:10     | Noticed a two-headed ogre
 11332 | D:9      | Killed a two-headed ogre
 11389 | D:10     | Found a sparkling altar of Nemelex Xobeh.
 11706 | D:11     | Learned a level 3 spell: Frozen Ramparts
 11749 | D:11     | Reached skill level 5 in Invocations
 11809 | D:11     | Reached ** piety under Qazlal
 11810 | D:11     | Reached skill level 1 in Ice Magic
 11811 | D:11     | Noticed a boulder beetle
 12160 | D:5      | Bought a +0 cloak of poison resistance for 102 gold pieces
 12178 | D:5      | Learned a level 4 spell: Olgreb's Toxic Radiance
 12304 | Lair:1   | Reached skill level 5 in Armour
 12330 | Lair:1   | Noticed a seven-headed hydra
 12686 | Lair:2   | Noticed a six-headed hydra
 13589 | Lair:2   | Noticed a seven-headed hydra
 13757 | Lair:3   | Noticed a catoblepas
 13782 | Lair:3   | Killed a catoblepas
 13783 | Lair:3   | Reached XP level 12. HP: 76/94 MP: 13/17
 13820 | Lair:3   | Noticed a four-headed hydra
 13832 | Lair:3   | Noticed Nergalle
 13842 | Lair:3   | Found a gate leading to a gauntlet.
 13860 | Gauntlet | Entered a Gauntlet
 13860 | Gauntlet | Found a transporter.
 13863 | Gauntlet | Found a transporter.
 13865 | Gauntlet | Found a transporter.
 13894 | Gauntlet | Found a transporter.
 13896 | Gauntlet | Noticed a soul eater
 13911 | Gauntlet | Found a transporter.
 13914 | Gauntlet | Found a transporter.
 13921 | Gauntlet | Found a transporter.
 13934 | Gauntlet | Noticed a death scarab
 13939 | Gauntlet | Found a transporter.
 13939 | Gauntlet | Noticed a death scarab
 13946 | Gauntlet | Noticed a quicksilver ooze
 13949 | Gauntlet | Found a transporter.
 13956 | Gauntlet | Noticed a great orb of eyes
 13959 | Gauntlet | Found a transporter.
 13974 | Gauntlet | Found a transporter.
 13991 | Gauntlet | Noticed a soul eater
 14085 | Gauntlet | Found a transporter.
 14086 | Gauntlet | Found a transporter.
 14110 | Gauntlet | Killed a soul eater
 14251 | Gauntlet | Killed a great orb of eyes
 14323 | Gauntlet | Identified the +9 glaive of Rubbish {flame, Will+ Int+4
                  | Dex+3}
 14323 | Gauntlet | Noticed a minotaur
 14384 | Gauntlet | Killed a minotaur
 14385 | Gauntlet | Reached skill level 5 in Ice Magic
 14417 | Gauntlet | Identified the +2 pair of boots of the Shining Light
                  | {Dex+3}
 14435 | Gauntlet | Identified the +0 broad axe of Oropumoj {venom, rF+ rC+
                  | Dex+3}
 14541 | Lair:2   | Killed a four-headed hydra
 14587 | Lair:1   | Killed a five-headed hydra
 14879 | Lair:1   | Identified the +3 scale mail of the Dice {Str+8}
 15500 | Lair:2   | Noticed a six-headed hydra
 15521 | Lair:2   | Killed a three-headed hydra
 15656 | Lair:2   | Killed a four-headed hydra
 15657 | Lair:2   | Reached XP level 13. HP: 102/102 MP: 9/20
 15955 | Lair:3   | Reached *** piety under Qazlal
 15956 | Lair:3   | Reached skill level 5 in Spellcasting
 16027 | Lair:3   | Killed Nergalle
 16088 | Lair:3   | Reached skill level 10 in Fighting
 16332 | Lair:3   | Found a staircase to the Snake Pit.
 16366 | Lair:3   | Found a staircase to the Shoals.
 16999 | Lair:4   | Reached **** piety under Qazlal
 17324 | Lair:5   | Reached skill level 10 in Poison Magic
 17488 | Lair:5   | Reached XP level 14. HP: 95/111 MP: 4/23
 17492 | Lair:5   | Reached skill level 10 in Dodging
 17522 | Lair:5   | Reached skill level 15 in Polearms
 17701 | Lair:5   | Reached ***** piety under Qazlal
 18668 | D:12     | Found a runed translucent door.
 18825 | D:12     | Found a staircase to the Orcish Mines.
 18900 | D:12     | Identified the +1 chain mail of Noughts and Crosses
                  | {Rampage rElec rCorr}
 19068 | D:12     | Found a runed translucent door.
 19104 | D:12     | Found a runed translucent door.
 19149 | D:12     | Identified the +6 long sword "Orb Guardian's Curse" {vamp,
                  | +Blink rElec Int+2 Dex+3}
 19608 | Orc:1    | Entered Level 1 of the Orcish Mines
 19610 | Orc:1    | Noticed an orc warlord
 19745 | Orc:1    | Killed an orc warlord
 19746 | Orc:1    | Paralysed by an orc sorcerer for 6 turns
 19774 | Orc:1    | Found a flagged portal.
 19783 | Bailey   | Entered a bailey
 20055 | Bailey   | Identified the +11 bardiche "Ociqomuma" {drain, Int+3}
 20461 | Orc:2    | Entered Level 2 of the Orcish Mines
 20461 | Orc:2    | Found Ohann's Book Shoppe.
 20484 | Orc:2    | Reached skill level 16 in Polearms
 20519 | Orc:2    | Found Seclane's Assorted Antiques.
 20533 | Orc:2    | Bought a scroll of identify for 62 gold pieces
 20533 | Orc:2    | Bought a scroll of identify for 62 gold pieces
 20533 | Orc:2    | Bought a fuming golden potion for 27 gold pieces
 20679 | Orc:1    | Reached XP level 15. HP: 115/115 MP: 26/26
 20795 | Orc:1    | Reached ****** piety under Qazlal
 21353 | Orc:2    | Found a staircase to the Elven Halls.
 21368 | Orc:2    | Reached skill level 10 in Ice Magic
 21377 | Orc:2    | Paralysed by an ogre mage for 7 turns
 21383 | Orc:2    | Slain by an ogre

Illustrated notes

Levels and vault maps discovered:
D:1:      amcnicky_arrival_feature_with_door, layout_basic
D:2:      layout_loops_ring
D:3:      layout_loops_ring, gammafunk_temple_overflow_statue,
          hellmonk_ecumenical_altar_inner_sanctum, minmay_misc_feat_alley,
          kennysheep_doodads, hangedman_decor_slide_cut
D:4:      layout_rooms, minmay_statues_item
D:5:      layout_loops_ring, guppyfry_shop_venom, uniq_blork_the_orc,
          uniq_sigmund, uniq_prince_ribbit1, uniq_ijyb
D:6:      layout_basic, lemuel_tele_altar, temple_hall, lightli_minifort
D:7:      layout_rooms, mainiacjoe_overflow_alcove_1, kennysheep_generic_room_12
D:8:      layout_basic
D:9:      layout_cave_pools, kiku_gazebo_pond_becter, dpeg_oklobed_lair
D:10:     layout_rooms, mainiacjoe_overflow_surrounded_room, st_stairs_4
D:11:     layout_roguey
D:12:     layout_stronghold, erik_orc_1, mikee_hates_you
Temple:   eino_temple_scatter_basement
Lair:1:   layout_gridlike, serial_rivers, chequers_serial_rivers_micro_a,
          chequers_serial_rivers_room_a, chequers_serial_rivers_marsh,
          chequers_serial_rivers_marsh
Lair:2:   layout_cave_pods, wad_woods_river_03, minivault_11
Lair:3:   layout_cave_shapes, minmay_shoals_entry_lonely_mermaid,
          minmay_snake_entry_guardpost_small, gauntlet_entry_generic,
          uniq_nergalle
Lair:4:   layout_cave_pods
Lair:5:   layout_roguey
Orc:1:    nicolae_orc_accident_3, layout_caves, enter_bailey_8
Orc:2:    pf_orc_diabolical, layout_diamond_mine, serial_shops,
          nicolae_square_shop, shop, shop, basic_altar

Skill      XL: |  1  2  3  4  5  6  7  8  9 10 11 12 13 14 15 |
---------------+----------------------------------------------+-----
Polearms       | 5 6 7 9 10 12 14 16 | 16.2
Fighting       | 3 4 5 6 7 8 9 10 11 12 | 12.1
Throwing       | 3 4 5 |  5.6
Dodging        | 5 6 8 9 11 | 11.6
Poison Magic   | 1 2 4 5 6 7 9 10 | 10.0
Armour         | 1 2 3 4 5 6 7 |  7.0
Invocations    | 2 4 6 7 |  7.7
Spellcasting   | 1 3 4 6 7 |  7.7
Ice Magic      | 3 7 8 9 10 | 10.0

Action                   |  1- 3 |  4- 6 |  7- 9 | 10-12 | 13-15 || total
-------------------------+-------+-------+-------+-------+-------++-------
Melee: Trident           |   112 |   179 |   402 |   141 |       ||   834
       Halberd           |       |       |       |   367 |       ||   367
       Tailslap          |       |       |       |     1 |     5 ||     6
       Glaive            |       |       |       |    69 |   527 ||   596
Throw: Stone             |     7 |     2 |       |       |       ||     9
       Dart              |       |    30 |    58 |    61 |    11 ||   160
       Boomerang         |       |       |    23 |     6 |     5 ||    34
       Throwing net      |       |       |     1 |       |       ||     1
 Cast: Olgreb's Toxic Ra |       |       |       |    10 |    35 ||    45
       Frozen Ramparts   |       |       |       |     9 |    34 ||    43
Invok: Upheaval          |       |       |       |     3 |       ||     3
       Disaster Area     |       |       |       |       |     1 ||     1
Evoke: Wand              |       |       |     2 |    11 |     1 ||    14
  Use: Scroll            |       |       |     1 |    12 |     9 ||    22
       Potion            |       |       |       |     8 |     1 ||     9
 Stab: Sleeping          |     4 |     2 |       |       |       ||     6
       Paralysed         |       |       |     2 |     2 |       ||     4
Armor: Leather armour    |    24 |    20 |       |       |       ||    44
       Ring mail         |       |    33 |    75 |   135 |    94 ||   337
Dodge: Dodged            |    75 |    90 |   193 |   440 |   452 ||  1250
       Repelled          |       |       |       |       |     3 ||     3
Block: Other             |       |       |       |    38 |   149 ||   187

Table legend: (Time is in decaauts)
 A = Elapsed time spent in this place.
 B = Non-inter-level travel time spent in this place.
 C = Inter-level travel time spent in this place.
 D = Time resting spent in this place.
 E = Time spent auto-exploring this place.
 F = Levels seen in this place.
 G = Mean time per level.
                   A        B        C        D        E       F      G
               +--------+--------+--------+--------+--------+-----+--------+
         Total |  21021 |  20417 |    604 |   4247 |   3780 |  22 |  955.5 |
       Dungeon |  13464 |  12963 |    501 |   3437 |   3282 |  12 | 1122.0 |
        Temple |    212 |    191 |     21 |      0 |    158 |   1 |  212.0 |
          Lair |   5192 |   5111 |     81 |    666 |    339 |   5 | 1038.4 |
  Orcish Mines |   1265 |   1265 |      0 |      0 |      0 |   2 |  632.5 |
        Bailey |    344 |    344 |      0 |     61 |      0 |   1 |  344.0 |
      Gauntlet |    541 |    541 |      0 |     82 |      0 |   1 |  541.0 |
               +--------+--------+--------+--------+--------+-----+--------+

Top non-repeatable levels by time:
     D:9: 1810 daAuts
  Lair:2: 1724 daAuts
     D:5: 1684 daAuts
     D:8: 1468 daAuts
     D:6: 1424 daAuts
  Lair:1: 1241 daAuts
    D:10: 1211 daAuts
    D:12: 1131 daAuts
     D:2: 1085 daAuts
     D:3: 993 daAuts
     D:1: 914 daAuts
  Lair:4: 854 daAuts
  Lair:3: 693 daAuts
  Lair:5: 678 daAuts
   Orc:1: 657 daAuts
